Map: Blackpink LE

Players

Scarlett

  • Race: Zerg Zerg
  • League: Master
  • Spawn Location: 1:00

Ragnarok (SHIN) - Winner!

  • Race: Zerg Zerg
  • League: Grandmaster
  • Spawn Location: 7:00

Event: Memes & Dreams Invitational

VOD

Have the link to the VOD?

Description

Time

  • Played on: April 13, 2018, 4:41 a.m.
  • Length: 4:15

All games in this series

Show
View Real Time Build Order
Export as new Build Order

Scarlett Zerg 

Build Orders: Hatch First 

Get SALT Encoding   

  12  0:00  Drone  
  13  0:12  Overlord  
  13  0:17  Drone  
  14  0:30  Drone x2  
  14  0:34  Drone  
  17  0:51  Hatchery  
  17  0:54  Drone  
  17  0:57  Drone  
  17  1:01  Extractor  
  17  1:12  Spawning Pool  
  17  1:15  Drone  
  17  1:18  Drone  
  18  1:27  Drone  
  19  1:40  Overlord  
  19  2:00  Zergling x2  
  19  2:01  Queen, Zergling x2  
  21  2:03  Zergling x2  
  26  2:09  Metabolic Boost  
  26  2:11  Zergling x2  
  27  2:17  Zergling x2  
  28  2:28  Drone x2  
  27  2:38  Hatchery  
  26  2:57  Hatchery  
  25  3:00  Drone  
  26  3:06  Overlord  
  26  3:10  Drone  
  26  3:12  Drone  
  28  3:16  Drone  
  29  3:26  Drone x2  
  31  3:32  Zergling x2  
  32  3:36  Spine Crawler  
  32  3:39  Baneling Nest  
  30  3:43  Zergling x2  
  30  3:44  Zergling x4  
  30  3:45  Zergling x2  
  30  3:46  Evolution Chamber  
Show
View Real Time Build Order
Export as new Build Order

Ragnarok Zerg - Winner!

Build Orders: Pool First 

Get SALT Encoding   

  12  0:17  Spawning Pool  
  11  0:22  Drone  
  11  0:26  Drone  
  13  0:31  Drone  
  14  0:39  Overlord  
  14  1:03  Zergling x2  
  14  1:04  Zergling x2  
  16  1:05  Zergling x2  
  17  1:15  Extractor  
  17  1:16  Zergling x2  
  17  1:19  Hatchery  
  16  1:26  Zergling x2  
  17  1:35  Queen  
  19  1:41  Zergling x2  
  20  1:47  Drone  
  21  2:01  Overlord  
  21  2:10  Drone  
  21  2:14  Metabolic Boost  
  21  2:36  Zergling x6  
  21  2:43  Zergling x8  
  25  2:44  Zergling x2  
  26  2:52  Zergling x2  
  26  2:54  Zergling x2  
  28  3:04  Zergling x2  
  30  3:05  Zergling x2  
  30  3:15  Zergling x4  
  30  3:16  Zergling x4  
  30  3:17  Zergling x2  
  35  3:26  Overlord  
  35  3:44  Zergling x4  
  35  3:45  Zergling x2  
  35  3:47  Zergling x6  
  41  3:50  Zergling x2  
  41  3:53  Zergling x2  
Tags
 
Add a new tag
Caveats
  • Supply blocks, unpowered buildings, or Contaminate may cause inaccurate times.
  • Supply counts are checked every 10 seconds.